 Dungeon Crawl Stone Soup version 0.24-a0-307-gf989941 (webtiles) character file.

Game seed: 1886339885119345143

48 gruber the Bolt Thrower (level 4, 0/26 HPs)
             Began as a Kobold Hunter on May 13, 2019.
             Slain by an adder (1 damage)
             ... on level 2 of the Dungeon.
             The game lasted 00:03:10 (1444 turns).

gruber the Bolt Thrower (Kobold Hunter)             Turns: 1444, Time: 00:03:11

Health: 0/26       AC:  3    Str:  9    XL:     4   Next: 0%
Magic:  4/4        EV: 14    Int: 12    God:
Gold:   71         SH:  0    Dex: 16    Spells: 3/3 levels left

rFire    . . .     SeeInvis .   a - +1 hand crossbow
rCold    . . .     Gourm    .   (shield restricted)
rNeg     + . .     Faith    .   c - +0 leather armour
rPois    .         Spirit   .   (no helmet)
rElec    .         Reflect  .   (no cloak)
rCorr    .         Harm     .   (no gloves)
MR       .....                  (no boots)
Stlth    ++........             (no amulet)
HPRegen  0.08/turn              p - ring of positive energy
MPRegen  0.09/turn              (no ring)

@: lethally poisoned (0 -> -7)
A: small, carnivore
a: no special abilities


You were on level 2 of the Dungeon.
You were completely stuffed.

You visited 1 branch of the dungeon, and saw 2 of its levels.

You collected 71 gold pieces.

Inventory:

Hand Weapons
 a - a +1 hand crossbow (weapon)
 b - a +0 short sword
Missiles
 d - 38 bolts (quivered)
Armour
 c - a +0 leather armour (worn)
Jewellery
 p - a ring of positive energy (left hand)
Scrolls
 e - 5 scrolls of identify {unknown}
 h - a scroll of amnesia {unknown}
 i - a scroll of fear {unknown}
 j - a scroll of immolation {unknown}
 k - a scroll of enchant weapon {unknown}
 m - 2 scrolls of teleportation {unknown}
 r - 3 scrolls of remove curse {unknown}
Potions
 g - a potion of ambrosia {unknown}
 l - a potion of degeneration {unknown}
 n - a potion of heal wounds {unknown}
 o - a potion of lignification {unknown}
 q - a potion of agility {unknown}
Comestibles
 f - 3 rations
 s - a chunk of flesh


   Skills:
 - Level 2.1 Fighting
 + Level 4.3 Short Blades
 - Level 4.8 Crossbows
 - Level 2.4 Dodging
 - Level 1.3 Stealth


You had 3 spell levels left.
You didn't know any spells.
Your spell library was empty.

Dungeon Overview and Level Annotations

Branches:
Dungeon (2/15)

Altars:


Innate Abilities, Weirdness & Mutations

You are small and have problems with some larger weapons.
You are carnivorous and can eat meat at any time.


Message History

Wield which item (- for none, * to show all)? (? for menu, Esc to quit)
a - a +1 hand crossbow (weapon)
Firing (i - inventory)
d - 40 bolts (quivered)
Press: ? - help, Shift-Dir - straight line, f - adder
Aim: an adder You shoot a bolt.
The bolt closely misses the adder.
The bolt hits the kobold.
The kobold is moderately wounded.
* * * LOW HITPOINT WARNING * * *
You feel sick. The adder barely misses you. The adder bites you.
* * * LOW HITPOINT WARNING * * *
Unknown command.
Unknown command.
Firing (i - inventory)
d - 39 bolts (quivered)
Press: ? - help, Shift-Dir - straight line, f/p - adder
Aim: an adder You shoot a bolt.
The bolt hits the adder!
The adder is almost dead.
* * * LOW HITPOINT WARNING * * *
You feel sick. The adder bites you.
You die...

#.##.##.# #.##.##.#
#.##.##.# ########
#.##.##.# #.......
#.##†##.######.######
#.##.#...........#
#.##.#########.#.#
#...†......# #.#.#
####@#####. #.#.# #S#
#.#(# #K#####.# #.#.#
#.$(....# #.#.#
##...$[..##.#.#
#.......##.#
#.[.....##.#
#.......##.#.#
#.......##.#.#


You could see an adder and a kobold.

Vanquished Creatures
  A gnoll (D:1)
  A leopard gecko (D:2)
  5 bats
  2 giant cockroaches
  A goblin (D:1)
  9 hobgoblins (D:1)
  7 kobolds (D:1)
  4 frilled lizards
  7 rats
37 creatures vanquished.

Notes
Turn   | Place    | Note
-------+----------+-------------------------------------------
     0 | D:1      | gruber the Kobold Hunter began the quest for the Orb.
     0 | D:1      | Reached XP level 1. HP: 12/12 MP: 1/1
    24 | D:1      | Reached skill level 1 in Short Blades
    83 | D:1      | Reached XP level 2. HP: 6/17 MP: 2/2
   317 | D:1      | Reached XP level 3. HP: 15/21 MP: 3/3
  1427 | D:2      | Reached XP level 4. HP: 26/26 MP: 4/4
  1444 | D:2      | HP: 1/26 [poisoned by an adder]
  1444 | D:2      | Slain by an adder

Levels and vault maps discovered:
D:1:      noname_arrival_rooms_in_the_neighbourhood, layout_basic
D:2:      layout_basic

Skill      XL: |  1  2  3 |
---------------+----------+-----
Short Blades   | 2 3 4 |  4.3
Fighting       | |  2.1
Crossbows      | |  4.8
Dodging        | |  2.4
Stealth        | |  1.3

Action                   |  1- 3 |  4- 6 || total
-------------------------+-------+-------++-------
Melee: Short sword       |    94 |     5 ||    99
 Fire: Hand crossbow     |     3 |     2 ||     5
 Stab: Sleeping          |     4 |       ||     4
  Eat: Chunk             |    10 |       ||    10
Armor: Leather armour    |    13 |     1 ||    14
Dodge: Dodged            |    61 |     7 ||    68

Table legend:
 A = Non-vault XP
 B = Vault XP
 C = Vault XP percentage of total XP
 D = Non-vault monster count
 E = Vault monster count
 F = Vault count percentage of total count
                 A         B        C        D         E       F
            +---------+---------+-------+---------+---------+-------
      Total |      69 |       0 |   0.0 |      37 |       0 |   0.0
            +---------+---------+-------+---------+---------+-------
        D:1 |      57 |       0 |   0.0 |      28 |       0 |   0.0
        D:2 |      12 |       0 |   0.0 |       9 |       0 |   0.0
            +---------+---------+-------+---------+---------+-------
